 Dungeon Crawl Stone Soup version 0.29.1-12-g30fa7ad0bf (webtiles) character file.

Game seed: 17207234833464129810

151 MajorAdolf the Stinger (level 5, -2/45 HPs)
             Began as a Naga Wanderer on Dec 23, 2022.
             Slain by a hobgoblin (3 damage)
             ... on level 3 of the Dungeon on Dec 27, 2022.
             The game lasted 00:07:40 (5960 turns).

MajorAdolf the Stinger (Naga Wanderer)              Turns: 5960, Time: 00:07:41

Health: -2/45      AC:  9    Str: 14    XL:     5   Next: 33%
Magic:  8/8        EV:  3    Int: 17    God:
Gold:   91         SH:  0    Dex:  8    Spells: 7/8 levels left

rFire   + . .      SeeInvis +   l - +0 dagger (pain)
rCold   . . .      Faith    .   (no shield)
rNeg    . . .      Spirit   .   t - +3 chain mail {rF+}
rPois   +          Reflect  .   q - +0 helmet
rElec   .          Harm     .   (no cloak)
rCorr   +          Rampage  .   (no gloves)
Will    .....                   (no barding)
Stlth   ..........              n - amulet of magic regeneration
HPRegen 0.15/turn               a - ring of resist corrosion
MPRegen 0.51/turn               (no ring)

@: hasted, quick
A: AC +1, large, see invisible, deformed body, poison resistance, slowness 2,
spit poison 1, naga tail 1
a: Spit Poison


You were on level 3 of the Dungeon.
You visited 1 branch of the dungeon, and saw 3 of its levels.

You collected 91 gold pieces.

Inventory:

Hand Weapons
 l - a +0 dagger of pain (weapon)
 p - a +1 vorpal mace
Armour
 d - a +0 robe
 h - a +0 chain mail of fire resistance
 q - a +0 helmet (worn)
 t - a +3 chain mail of fire resistance (worn)
Jewellery
 a - a ring of resist corrosion (left hand)
 n - an amulet of magic regeneration (around neck)
Wands
 s - a wand of mindburst (21)
 v - a wand of paralysis (8)
Scrolls
 c - a scroll of fear
 e - a scroll of fog
 f - 2 scrolls of enchant armour {unknown}
 i - 5 scrolls of identify {unknown}
 j - 2 scrolls of blinking {unknown}
 k - a scroll of vulnerability {unknown}
 m - 4 scrolls of teleportation {unknown}
 o - a scroll of enchant weapon {unknown}
Potions
 b - 3 potions of attraction
 g - a potion of haste
 r - 2 potions of resistance {unknown}
 u - a potion of curing {unknown}


   Skills:
 - Level 2.0 Fighting
 - Level 1.0 Throwing
 + Level 4.4 Stealth
 + Level 2.4 Spellcasting
 + Level 6.4 Poison Magic
 + Level 1.8 Evocations


You had 7 spell levels left.
You knew the following spells:

 Your Spells              Type           Power      Damage    Failure   Level
a - Sting                 Tmut/Pois      52%        1d5       83%         1

Your spell library contained the following spells:

 Spells                   Type           Power      Damage    Failure   Level
 Inner Flame              Hex/Fire       2%         N/A       100%        3
 Mephitic Cloud           Conj/Pois/Air  9%         N/A       100%        3
 Cause Fear               Hex            1%         N/A       100%        4
 Corpse Rot               Necr/Pois/Air  9%         N/A       100%        4
 Discord                  Hex            1%         N/A       100%        8


Dungeon Overview and Level Annotations

Branches:
Dungeon (3/15)

Altars:
Ashenzari
Hepliaklqana
Qazlal
Sif Muna
Wu Jian

Annotations:
D:3 4 runed translucent doors, Crazy Yiuf; Discosetron's ghost, amateur SpHu


Innate Abilities, Weirdness & Mutations

Your serpentine skin is tough. (AC +1)
You have supernaturally acute eyesight. (SInv)
Armour fits poorly on your strangely shaped body.
Your system is resistant to poisons. (rPois)
You cover ground very slowly.
You can spit poison.
You have a snake-like lower body.


Message History

The jackal bites you. The jackal attacks as you move away!
The jackal bites you but does no damage.
You have got your breath back.
The gnoll hits you from afar with a +5 halberd!
The jackal bites you but does no damage.
The jackal bites you but does no damage.
Aiming: Spit Poison (1% risk of failure)
Press: ? - help, Shift-Dir - straight line, f - jackal
Aim: a jackal (50% to hit)
The splash of poison hits the jackal!
The jackal is poisoned.
You kill the jackal!
The gnoll hits you from afar with a +5 halberd!
A hobgoblin comes into view.
The hobgoblin shouts!
You hear a bark!
The gnoll hits you from afar with a +5 halberd.
You have got your breath back.
Aiming: Spit Poison (1% risk of failure)
Press: ? - help, Shift-Dir - straight line, f - gnoll
Aim: a gnoll, wielding a +5 halberd (65% to hit)
You fail to use your ability.
The gnoll hits you from afar with a +5 halberd!
* * * LOW HITPOINT WARNING * * *
Unknown command.
Okay, then.
Aiming: Spit Poison (1% risk of failure)
Press: ? - help, Shift-Dir - straight line, f/p - gnoll
Aim: a gnoll, wielding a +5 halberd (65% to hit)
The splash of poison misses the gnoll.
The splash of poison hits the gnoll.
The gnoll is heavily wounded.
The gnoll hits you but does no damage.
Unknown command.
The hobgoblin hits you but does no damage.
The gnoll hits you from afar with a +5 halberd.
* * * LOW HITPOINT WARNING * * *
You feel yourself speed up.
You have got your breath back.
A jackal comes into view.
The hobgoblin hits you.
You die...

# #........#
##.#######
#####.#######
.....)......#
####..#####.#
##### #..#
#.###...## #..#
###.##.....#
####
#...).....g#####
###.##÷.@.g..†.#
#.###.g.####.#
♣♣####.# ##..#
#.# ♣♣ ♣♣.#....#
#..## #.#
.♣♣♣♣.)....##
#...# #)#
♣.)♣..)...##
##..# #g#
♣♣♣.♣..#.## #..#
#.# ♣♣♣♣♣###
#.h###.#
#..h...#


You could see 2 gnolls, a jackal (wandering) and a hobgoblin.

Vanquished Creatures
  Terence (D:2)
  An iguana (D:3)
  2 gnolls (D:3)
  3 adders (D:2)
  A worm (D:2)
  5 bats
  2 endoplasms
  3 giant cockroaches (D:3)
  4 goblins
  4 hobgoblins
  9 jackals
  2 quokkas
  2 ball pythons (D:3)
  4 frilled lizards
  4 kobolds
  3 rats (D:3)
50 creatures vanquished.

Notes
Turn   | Place    | Note
-------+----------+-------------------------------------------
     0 | D:1      | MajorAdolf the Naga Wanderer began the quest for the Orb.
     0 | D:1      | MajorAdolf set off with the following items: a +0 club, a
                  | potion of attraction, a scroll of fear, a +0 robe, a scroll
                  | of fog; and the following spell memorised: Sting; and the
                  | following spells available to memorise: Mephitic Cloud,
                  | Corpse Rot.
     0 | D:1      | Reached XP level 1. HP: 19/19 MP: 2/2
   698 | D:1      | Reached XP level 2. HP: 26/26 MP: 3/3
  1711 | D:2      | Reached XP level 3. HP: 2/32 MP: 2/5
  1712 | D:2      | HP: 1/32 [poisoned by an adder]
  2879 | D:2      | Reached skill level 6 in Poison Magic
  3995 | D:3      | Found a broken altar of Ashenzari.
  4425 | D:3      | Noticed Terence
  4435 | D:2      | Killed Terence
  4436 | D:2      | Reached XP level 4. HP: 30/39 MP: 7/7
  4890 | D:3      | Found a runed translucent gate.
  4890 | D:3      | Found a runed translucent gate.
  4890 | D:3      | Found a runed translucent gate.
  4892 | D:3      | Noticed Discosetron's ghost (amateur SpHu)
  5003 | D:3      | Reached XP level 5. HP: 32/45 MP: 8/8
  5288 | D:3      | Found a shimmering blue altar of Sif Muna.
  5291 | D:3      | Found an ornate altar of the Wu Jian Council.
  5301 | D:3      | Found a stormy altar of Qazlal.
  5322 | D:3      | Found a hazy altar of Hepliaklqana.
  5901 | D:3      | Found a runed translucent door.
  5902 | D:3      | Noticed Crazy Yiuf
  5959 | D:3      | HP: 1/45 [gnoll/+5 halberd (6)]
  5960 | D:3      | Slain by a hobgoblin

Illustrated notes

Levels and vault maps discovered:
D:1:      matt_arrival_diagonals, layout_basic
D:2:      layout_loops_corners
D:3:      layout_loops_corners, vehumet_altar_wand_db,
          grunt_temple_overflow_cloverleaf, ashenzari_conservatory_becter,
          biasface_ghost_orc_armoury, uniq_terence, uniq_crazy_yiuf_cottage

Skill      XL: |  1  2  3  4 |
---------------+-------------+-----
Stealth        | 2 3 4 |  4.4
Spellcasting   | 2 |  2.4
Poison Magic   | 6 |  6.4
Fighting       | |  2.0
Throwing       | |  1.0
Evocations     | |  1.8

Action                   |  1- 3 |  4- 6 || total
-------------------------+-------+-------++-------
Melee: Club              |     2 |       ||     2
       Dagger            |    24 |   265 ||   289
       Punch             |       |     3 ||     3
 Cast: Sting             |    12 |       ||    12
 Abil: Spit Poison       |    30 |     9 ||    39
  Use: Potion            |     1 |     1 ||     2
 Stab: Sleeping          |     1 |       ||     1
Armor: Robe              |     3 |       ||     3
       Chain mail        |       |   235 ||   235
Dodge: Dodged            |    30 |    51 ||    81
